 Dungeon Crawl Stone Soup version 0.20-a0-309-gcba9277 (webtiles) character file.

38091 snakesoul the Slicer (level 13, -1/104 HPs)
             Began as a Demonspawn Fighter on Dec 18, 2016.
             Was the Champion of Cheibriados.
             Slain by an orc warrior
             ... wielding a +0 glaive
             ... led by an orc warlord
              (12 damage)
             ... on level 2 of the Orcish Mines.
             The game lasted 00:43:57 (18121 turns).

snakesoul the Slicer (Demonspawn Fighter)          Turns: 18121, Time: 00:43:58

Health: -1/104     AC: 15    Str: 32 (34) XL:     13   Next: 61%
Magic:  0/32       EV:  7    Int: 20 (26) God:    Cheibriados [******]
Gold:   842        SH: 14    Dex: 31      Spells: 26/26 levels left

rFire  + . .     SeeInvis .     E - +10 dagger of the Eternal Warrior {freeze, rF+ rC+ MR+ MP+9}
rCold  + + .     Gourm    .     K - +3 chain mail {rC+}
rNeg   . . .     Faith    .     c - +0 shield
rPois  .         Spirit   +     M - +0 hat {MR+}
rElec  .         Reflect  .     F - +0 cloak
rCorr  .         Harm     .     j - +0 pair of gloves
MR     ++...                    (boots unavailable)
Stlth  ..........               O - amulet of regeneration
                                Z - ring of stealth
                                N - +2 ring of strength

@: drained, very slow
A: talons 3, thin metallic scales 2, deformed body, demonic guardian 2,
deterioration 1, magic shield, magic regeneration, magic link
a: Bend Time, Temporal Distortion, Slouch, Step From Time, Renounce Religion


You were on level 2 of the Orcish Mines.
You worshipped Cheibriados.
Cheibriados was exalted by your worship.
You were not hungry.

You visited 4 branches of the dungeon, and saw 18 of its levels.
You also visited: Sewer.

You collected 1022 gold pieces.
You spent 180 gold pieces at shops.

Inventory:

Hand Weapons
 a - a +0 rapier
 u - a +0 falchion (quivered)
 z - a +1 falchion of draining
 E - the +10 dagger of the Eternal Warrior (weapon) {freeze, rF+ rC+ MR+ MP+9}
   (You found it on level 4 of the Dungeon)

   It has been specially enchanted to freeze those struck by it, causing extra
   injury to most foes and up to half again as much damage against particularly
   susceptible opponents.
   It can also slow down cold-blooded creatures.
   It protects you from fire.
   It protects you from cold.
   It affects your resistance to hostile enchantments.
   It affects your magic capacity (+9).
Armour
 c - a +0 shield (worn)
 j - a +0 pair of gloves (worn)
 q - a +0 plate armour
 F - a +0 cloak (worn)
 K - a +3 chain mail of cold resistance (worn)
 M - a +0 hat of magic resistance (worn)
Jewellery
 N - a +2 ring of strength (left hand)
 O - an amulet of regeneration (around neck)
 Z - a ring of stealth (right hand)
Scrolls
 b - a scroll of fear
 i - 14 scrolls of identify
 k - 5 scrolls of remove curse
 m - a scroll of blinking
 n - 3 scrolls of fog
 r - 3 scrolls of acquirement
 s - 2 scrolls of enchant weapon
 v - 7 scrolls of teleportation
 y - a scroll of enchant armour
 R - 2 scrolls of recharging
 U - 3 scrolls of amnesia
Potions
 d - 3 potions of might
 e - 5 potions of flight
 g - a potion of heal wounds
 p - a potion of curing
 D - 3 potions of cancellation
 G - a potion of resistance
Books
 h - a Necronomicon

   Spells                             Type                      Level
   a - Haunt                          Necromancy/Summoning         7
   b - Borgnjor's Revivification      Necromancy                   8
   c - Death's Door                   Charms/Necromancy            8
   d - Infestation                    Necromancy                   8
   e - Necromutation                  Transmutation/Necromancy     8
 L - a book of Misfortune

   Spells                             Type                      Level
   a - Confusing Touch                Hexes                        1
   b - Confuse                        Hexes                        3
   c - Gell's Gravitas                Hexes/Translocation          3
   d - Petrify                        Transmutation/Earth          4
   e - Metabolic Englaciation         Hexes/Ice                    5
   f - Yara's Violent Unravelling     Hexes/Transmutation          5
 T - a book of Minor Magic

   Spells                             Type                      Level
   a - Magic Dart                     Conjuration                  1
   b - Blink                          Translocation                2
   c - Call Imp                       Summoning                    2
   d - Repel Missiles                 Charms/Air                   2
   e - Slow                           Hexes                        2
   f - Conjure Flame                  Conjuration/Fire             3
   g - Mephitic Cloud                 Conjuration/Poison/Air       3
 W - a Young Poisoner's Handbook

   Spells                             Type                      Level
   a - Sting                          Conjuration/Poison           1
   b - Mephitic Cloud                 Conjuration/Poison/Air       3
   c - Olgreb's Toxic Radiance        Poison                       4
   d - Alistair's Intoxication        Transmutation/Poison         5
   e - Venom Bolt                     Conjuration/Poison           5
Comestibles
 f - 8 bread rations
 l - 5 chunks of flesh
 o - 8 meat rations
 t - 27 fruits
 x - 2 royal jellies
 A - 7 beef jerkies
 Q - 8 slices of pizza


   Skills:
 + Level 10.6(9.4) Fighting
 * Level 12.6(11.3) Short Blades
 - Level 1.0(7.1) Long Blades
 + Level 9.9(8.7) Armour
 + Level 10.0(8.7) Shields
 + Level 7.2(6.0) Spellcasting


You had 26 spell levels left.
You didn't know any spells.

Dungeon Overview and Level Annotations

Branches:
Dungeon (10/15)            Temple (1/1) D:4            Lair (5/6) D:8
  Swamp (0/4) Lair:3        Snake (0/4) Lair:4          Orc (2/2) D:10
    Elf (0/3) Orc:2
  Slime: Lair:5-6

Altars:
Ashenzari
Cheibriados
Dithmenos
Elyvilon
Fedhas
Gozag
Hepliaklqana
Kikubaaqudgha
Makhleb
Nemelex Xobeh
Okawaru
Qazlal
Ru
Sif Muna
Trog
Uskayaw
Vehumet
Xom
Yredelemnul
Zin
The Shining One

Shops:
D:4 *   D:8 (   D:10 (

Annotations:
Orc:2 Donald


Innate Abilities, Weirdness & Mutations

You have claws for feet.
You are mostly covered in thin metallic scales. (AC +3)
A demonic guardian rushes to your aid.
When hurt, damage is shared between your health and your magic reserves.
You regenerate magic rapidly.
When low on magic, you restore magic in place of health.
Armour fits poorly on your strangely shaped body.
Your body sometimes deteriorates upon taking damage.


Message History

Your body deteriorates!
You feel dopey.
You hear two shouts!
Unknown command.
You hit the orc warlord but do no damage.
You claw the orc warlord, but do no damage.
The orc wizard mumbles some strange words.
The orc wizard blinks!
You block the orc's attack. You block the orc warrior's attack.
A two-headed ogre comes into view.
It is wielding a giant club and a dire flail.
Unknown command.
Okay, then.
You step out of the flow of time.
You return to the normal time flow.
You feel somewhat more hungry.
The orc no longer looks unusually strong.
Your smoke demon disappears in a puff of smoke!
The two-headed ogre moves out of view.
The orc hits you but does no damage. x2
The orc warrior hits you from afar with a glaive!!
* * * LOW HITPOINT WARNING * * *
The orc barely misses you. The orc warrior hits you with a glaive!
You die...

........$... ..
............##.#
..#.............
................
................
....#...........
......oooo......
.....ยง.@oo....o.
.......oo.......
................
...o........#..#
................
..............##
.............##
.....#......##
......##.#...


You could see an orc warlord, an orc knight, 3 orc warriors, an orc wizard and 4
orcs.

Vanquished Creatures
  Nessos (Lair:5)
  3 hydras
  Harold (Lair:2)
  The ghost of Gorice the Fighter, a journeyman KoAM of Okawaru (Lair:1)
  A catoblepas (Lair:3)
  3 death yaks (Lair:4)
  Sonja (Lair:3)
  Nergalle (Lair:2)
  An orc sorcerer (Orc:1)
  A cyclops (D:10)
  Maurice (D:8)
  3 black mambas
  5 elephants
  7 spiny frogs
  A gargoyle (D:10)
  Psyche (D:9)
  An efreet (D:10)
  6 komodo dragons
  3 trolls
  A hornet (D:7)
  14 blink frogs
  4 hippogriffs
  A tyrant leech (Lair:3)
  A slime creature (Lair:3)
  A shadow (D:10)
  19 yaks
  4 hogs (D:7)
  2 wyverns
  A basilisk (Lair:5)
  A hungry ghost (D:7)
  Grum (D:10)
  A naga (Lair:4)
  Duvessa (D:5)
  A swamp worm (Lair:3)
  8 water moccasins
  11 porcupines
  2 eyes of draining (D:8)
  2 black bears (D:7)
  A phantom (D:5)
  13 orc warriors
  4 ice beasts (D:9)
  8 wolves
  4 ogres
  2 centaurs
  12 crocodiles
  3 big kobolds
  19 bullfrogs
  Dowan (D:5)
  A scorpion (D:6)
  A killer bee (D:9)
  3 howler monkeys (D:9)
  3 electric eels
  8 crimson imps
  A bullfrog zombie (D:9)
  4 jellies
  14 orc priests
  5 hounds
  20 orc wizards
  3 bullfrog skeletons
  2 centaur skeletons
  An iguana (D:10)
  8 worker ants
  A killer bee zombie (D:7)
  A hound skeleton (D:10)
  3 worker ant zombies
  A howler monkey skeleton (D:4)
  8 adders
  2 shadow imps
  A white imp (D:9)
  3 worker ant simulacra
  An ooze (D:2)
  An adder skeleton (D:9)
  3 worms
  7 dart slugs
  An adder simulacrum (D:9)
  5 leopard geckos
  53 orcs
  15 bats
  3 giant cockroaches
  8 goblins
  5 hobgoblins
  6 jackals
  6 quokkas
  4 ball pythons
  6 frilled lizards
  10 kobolds
  A leopard gecko skeleton (D:4)
  A leopard gecko zombie (D:8)
  3 rats
418 creatures vanquished.

Vanquished Creatures (collateral kills)
  A hydra (Lair:2)
  Erica (D:10)
  Urug (Lair:3)
  The ghost of tsouns the Thaumaturge, a novice DsWn of Makhleb (D:8)
  A black mamba (Lair:4)
  4 elephants
  A spiny frog (Lair:1)
  A komodo dragon (Lair:1)
  A hippogriff (D:10)
  4 blink frogs
  The ghost of gamerape the Sneak, an amateur VSAs of Okawaru (D:3)
  A wyvern (D:9)
  9 yaks
  A human (D:7)
  2 nagas (Lair:4)
  A water moccasin (Lair:2)
  2 porcupines
  An orc warrior (Orc:1)
  An ogre (D:8)
  A crocodile (Lair:2)
  An electric eel (D:9)
  4 orc wizards
  5 orc priests
  A worker ant (D:4)
  A white imp (D:9)
  A worker ant simulacrum (D:9)
  An ufetubus (D:9)
  A dart slug (D:5)
  10 orcs
  A hobgoblin (D:3)
  A kobold (D:7)
  A leopard gecko simulacrum (D:9)
64 creatures vanquished.

Vanquished Creatures (others)
  4 fungi
  5 plants
9 creatures vanquished.

Grand Total: 491 creatures vanquished

Notes
Turn   | Place    | Note
-------+----------+-------------------------------------------
     0 | D:1      | snakesoul the Demonspawn Fighter began the quest for the Orb.
     0 | D:1      | Reached XP level 1. HP: 18/18 MP: 1/1
   307 | D:1      | Reached skill level 2 in Short Blades
   336 | D:1      | Gained mutation: When hurt, damage is shared between your health and your magic reserves. [demonic ancestry]
   336 | D:1      | Reached XP level 2. HP: 23/24 MP: 2/2
   956 | D:2      | Gained mutation: A weak demonic guardian rushes to your aid. [demonic ancestry]
   956 | D:2      | Reached XP level 3. HP: 28/29 MP: 3/3
  1000 | D:2      | Found a blossoming altar of Fedhas.
  1392 | D:3      | Noticed gamerape's ghost (amateur VSAs)
  1407 | D:3      | Killed gamerape's ghost
  1407 | D:3      | Gained mutation: You are partially covered in thin metallic scales. (AC +2) [demonic ancestry]
  1407 | D:3      | Reached XP level 4. HP: 36/37 MP: 4/4
  1423 | D:3      | Reached XP level 5. HP: 42/42 MP: 5/5
  1541 | D:3      | Found a glowing drain.
  1557 | Sewer    | Entered a sewer
  2158 | D:3      | Reached skill level 3 in Short Blades
  2535 | D:3      | Found a stormy altar of Qazlal.
  2713 | D:3      | You fall through a shaft!
  2883 | D:4      | Found a staircase to the Ecumenical Temple.
  2888 | Temple   | Entered the Ecumenical Temple
  3091 | Temple   | Became a worshipper of Cheibriados the Contemplative
  3158 | D:4      | Gained mutation: You have sharp toenails. [demonic ancestry]
  3158 | D:4      | Reached XP level 6. HP: 8/48 MP: 1/6
  3763 | D:4      | Found Qetutuop's Assorted Antiques.
  3765 | D:4      | Found a sparkling altar of Nemelex Xobeh.
  3769 | D:4      | Bought a glowing falchion for 180 gold pieces
  3996 | D:4      | Reached skill level 1 in Long Blades
  4155 | D:4      | Reached * piety under Cheibriados
  4293 | D:4      | Got a slimy dagger
  4295 | D:4      | Identified the +10 dagger of the Eternal Warrior {freeze, rF+ rC+ MR+ MP+9} (You found it on level 4 of the Dungeon)
  4480 | D:5      | Entered Level 5 of the Dungeon
  4502 | D:5      | Noticed Dowan
  4504 | D:5      | Noticed a dagger
  4517 | D:5      | Noticed Duvessa
  4523 | D:5      | Killed Duvessa
  4523 | D:5      | Gained mutation: You regenerate magic rapidly. [demonic ancestry]
  4523 | D:5      | Reached XP level 7. HP: 45/55 MP: 7/7
  4528 | D:5      | Killed Dowan
  4578 | D:5      | Noticed a dagger
  4579 | D:5      | Found a hide-covered altar of Uskayaw.
  4653 | D:5      | Reached skill level 4 in Short Blades
  4800 | D:5      | Reached skill level 5 in Fighting
  4952 | D:5      | Found a blossoming altar of Fedhas.
  5545 | D:6      | Gained mutation: When low on magic, you restore magic in place of health. [demonic ancestry]
  5545 | D:6      | Reached XP level 8. HP: 61/63 MP: 8/8
  5604 | D:6      | Found a shattered altar of Ashenzari.
  5626 | D:6      | Reached skill level 5 in Short Blades
  5626 | D:6      | Reached skill level 5 in Shields
  6194 | D:6      | Reached ** piety under Cheibriados
  6204 | D:6      | Reached skill level 5 in Armour
  6739 | D:6      | Reached skill level 6 in Short Blades
  6951 | D:6      | Found a glowing silver altar of Zin.
  7139 | D:7      | Found a white marble altar of Elyvilon.
  7280 | D:7      | Reached XP level 9. HP: 70/70 MP: 9/9
  7299 | D:7      | Reached skill level 7 in Short Blades
  7336 | D:7      | Found a hazy altar of Hepliaklqana.
  7680 | D:7      | Reached *** piety under Cheibriados
  8450 | D:8      | Reached skill level 8 in Short Blades
  8518 | D:8      | Found a deep blue altar of Sif Muna.
  8615 | D:8      | Found a bloodstained altar of Trog.
  8621 | D:8      | Gained mutation: A demonic guardian rushes to your aid. [demonic ancestry]
  8621 | D:8      | Reached XP level 10. HP: 79/79 MP: 0/10
  8829 | D:8      | Found a staircase to the Lair.
  8936 | D:8      | Found Ziydep's Weapon Shoppe.
  9058 | D:8      | Reached **** piety under Cheibriados
  9137 | D:8      | Noticed tsouns's ghost (novice DsWn)
  9138 | D:8      | Noticed Maurice
  9145 | D:8      | Killed tsouns's ghost
  9145 | D:8      | Reached skill level 1 in Spellcasting
  9157 | D:8      | Killed Maurice
  9391 | D:9      | Reached skill level 9 in Short Blades
  9395 | D:9      | Reached ***** piety under Cheibriados
  9791 | D:9      | Noticed Psyche
  9798 | D:9      | Killed Psyche
  9804 | D:9      | Gained mutation: You have razor-sharp toenails. [demonic ancestry]
  9804 | D:9      | Reached XP level 11. HP: 80/86 MP: 15/15
  9870 | D:10     | Entered Level 10 of the Dungeon
 10190 | D:10     | Noticed Grum
 10211 | D:10     | Killed Grum
 10316 | D:10     | Found a sacrificial altar of Ru.
 10442 | D:10     | Found Vughicseobb's Weapon Shoppe.
 10443 | D:10     | Found a staircase to the Orcish Mines.
 10471 | D:10     | Noticed Erica
 10481 | D:10     | Killed Erica
 10615 | D:10     | Reached skill level 10 in Short Blades
 10943 | Lair:1   | Entered Level 1 of the Lair of Beasts
 10963 | Lair:1   | Noticed Gorice's ghost (journeyman KoAM)
 10977 | Lair:1   | Killed Gorice's ghost
 11990 | Lair:2   | Noticed Nergalle
 12018 | Lair:2   | Killed Nergalle
 12057 | Lair:2   | Noticed a six-headed hydra
 12058 | Lair:2   | Reached skill level 5 in Spellcasting
 12062 | Lair:2   | Killed a six-headed hydra
 12062 | Lair:2   | Reached XP level 12. HP: 89/95 MP: 19/19
 12202 | Lair:2   | Noticed an eight-headed hydra
 12207 | Lair:2   | Killed an eight-headed hydra
 12226 | Lair:2   | Noticed Harold
 12241 | Lair:2   | Killed Harold
 12250 | Lair:2   | Reached skill level 11 in Short Blades
 13506 | Lair:3   | Found a staircase to the Swamp.
 13596 | Lair:3   | Noticed Sonja
 13887 | Lair:3   | Killed Sonja
 13995 | Lair:3   | Noticed Urug
 14012 | Lair:3   | Killed Urug
 14419 | Lair:3   | Noticed a catoblepas
 14429 | Lair:3   | Killed a catoblepas
 14672 | Lair:4   | Found a staircase to the Snake Pit.
 14679 | Lair:4   | Reached ****** piety under Cheibriados
 14689 | Lair:4   | Reached skill level 10 in Fighting
 14773 | Lair:4   | Noticed a death yak
 14774 | Lair:4   | Noticed a death yak
 14774 | Lair:4   | Noticed a death yak
 14791 | Lair:4   | Killed a death yak
 14791 | Lair:4   | Gained mutation: You have claws for feet. [demonic ancestry]
 14791 | Lair:4   | Reached XP level 13. HP: 94/103 MP: 22/22
 14795 | Lair:4   | Reached skill level 12 in Short Blades
 15641 | Lair:5   | Noticed Nessos
 15666 | Lair:5   | Killed Nessos
 15920 | Lair:4   | Identified a scroll of acquirement
 16042 | Lair:4   | Gained mutation: Armour fits poorly on your strangely shaped body. [potion of mutation]
 16042 | Lair:4   | Gained mutation: Your body sometimes deteriorates upon taking damage. [potion of mutation]
 16042 | Lair:4   | Gained mutation: You are mostly covered in thin metallic scales. (AC +3) [potion of mutation]
 17247 | Orc:1    | Entered Level 1 of the Orcish Mines
 17950 | Orc:1    | Found a radiant altar of Vehumet.
 18093 | Orc:2    | Entered Level 2 of the Orcish Mines
 18093 | Orc:2    | Noticed Donald
 18099 | Orc:2    | Found a staircase to the Elven Halls.
 18102 | Orc:2    | Reached skill level 10 in Shields
 18110 | Orc:2    | Noticed an orc warlord
 18121 | Orc:2    | Slain by an orc warrior

Vault maps used:
D:1:      dpeg_arrival_stone_temple_mockup
D:2:      cheibrodos_helix_gallery, old_standard_altar,
          minmay_misc_feat_ornament
D:3:      overflow_temple_1_default, portal_sewer_entry_a
D:4:      nemelex_xobeh_ov_fountains_minmay, first_bread, serial_shops, shop
D:5:      kennysheep_slugbush, dancing_weapons_uskayaw, fedhas_altar_2,
          uniq_duvessa
D:6:      nicolae_overflow_hidden_temple, marbit_many_paths
D:7:      lemuel_doored_altar, elyvilon_altar_1, kennysheep_pointless_box,
          grunt_livestock
D:8:      trog_eyes_of_draining, kennysheep_mini_moat, david_lair_shrubbed,
          serial_shops, shop_statue, grunt_ministairs_6, feat_on_display,
          uniq_maurice
D:9:      serial_ice, serial_ice_f, serial_ice_i, serial_ice_a, serial_ice_o,
          uniq_psyche
D:10:     minmay_tri_box, david_orc_3, basic_altar, serial_shops, shop,
          uniq_erica, uniq_grum
Temple:   grunt_temple_mini_profane
Lair:1:   cheibrodos_lair_caveside_slide, dpeg_stationary_puzzle,
          infiniplex_staircase_pool_2, grunt_megastairs_2
Lair:2:   grunt_megastairs_4, uniq_harold, uniq_nergalle
Lair:3:   minmay_swamp_entry_worms, infiniplex_staircase_pool,
          grunt_megastairs_3, uniq_sonja, uniq_urug
Lair:4:   minmay_snake_entry_guardpost_small, wad_woods_road_05,
          grunt_megastairs_5, serial_bayou_shore_b, lemuel_fruit_fields
Lair:5:   lemuel_fruit_tree, uniq_nessos
Orc:1:    basic_altar
Orc:2:    grunt_orc_tribal_feast, serial_shops, nicolae_shop_stone, uniq_donald
Sewer:    sewer_fruit_machine

Skill      XL: |  1  2  3  4  5  6  7  8  9 10 11 12 13 |
---------------+----------------------------------------+-----
Short Blades   | 2 3 4 6 8 9 10 11 12 | 12.6
Shields        | 3 4 5 6 7 8 9 10 | 10.0
Armour         | 3 4 5 6 7 8 9 |  9.9
Fighting       | 4 5 6 7 8 9 10 | 10.6
Long Blades    | 1 |  1.0
Spellcasting   | 3 5 6 7 |  7.2

Action                   |  1- 3 |  4- 6 |  7- 9 | 10-12 | 13-15 || total
-------------------------+-------+-------+-------+-------+-------++-------
Melee: Rapier            |   103 |    40 |       |       |       ||   143
       Dagger            |    42 |   229 |   327 |   847 |   289 ||  1734
       Kick              |       |    26 |   122 |   498 |   172 ||   818
       Falchion          |       |    22 |       |       |       ||    22
Invok: Slouch            |       |       |       |     3 |       ||     3
       Bend Time         |       |       |       |     1 |       ||     1
       Step From Time    |       |       |       |       |     1 ||     1
  Use: Scroll            |       |     2 |     1 |     2 |    14 ||    19
       Potion            |       |     1 |       |       |    10 ||    11
 Stab: Distracted        |       |       |     2 |     4 |     3 ||     9
  Eat: Chunk             |     2 |    10 |     7 |    12 |     6 ||    37
Armor: Scale mail        |    53 |   153 |    21 |       |       ||   227
       Chain mail        |       |       |    70 |   220 |    92 ||   382
Dodge: Dodged            |    39 |    99 |    41 |    97 |    61 ||   337
Block: Shield            |    50 |   144 |   130 |   344 |   167 ||   835
       Rpst.: Falchion   |       |     3 |       |       |       ||     3
